 Dungeon Crawl Stone Soup version 0.29.1-4-g47bece8355 (webtiles) character file.

Game seed: 16883048935273740998

436 MacCMillion the Shield-Bearer (level 6, -1/62 HPs)
             Began as a Troll Fighter on Dec 11, 2022.
             Slain by a gnoll
             ... wielding a +0 spear
              (6 damage)
             ... on level 5 of the Dungeon.
             The game lasted 00:03:29 (2644 turns).

MacCMillion the Shield-Bearer (Troll Fighter)       Turns: 2644, Time: 00:03:30

Health: -1/62      AC:  4    Str: 25    XL:     6   Next: 69%
Magic:  5/5        EV:  9    Int:  6    God:
Gold:   144        SH:  9    Dex: 15    Spells: 5/5 levels left

rFire   + . .      SeeInvis .     - Unarmed
rCold   + . .      Faith    .   b - +0 kite shield
rNeg    . . .      Spirit   .   a - +0 robe
rPois   .          Reflect  .   v - +0 hat
rElec   .          Harm     .   r - scarf {rC+ rF+}
rCorr   .          Rampage  .   (gloves unavailable)
Will    .....                   (boots unavailable)
Stlth   +.........              j - amulet of regeneration
HPRegen 1.80/turn               g - +6 ring of dexterity
MPRegen 0.09/turn               (no ring)

@: no status effects
A: large, unfitting armour, claws 3, regeneration 1, shaggy fur 1, tough skin 1
a: no special abilities


You were on level 5 of the Dungeon.
You visited 1 branch of the dungeon, and saw 5 of its levels.

You collected 144 gold pieces.

Inventory:

Missiles
 m - 5 javelins (quivered)
 n - 7 poisoned darts
Armour
 a - a +0 robe (worn)
 b - a +0 kite shield (worn)
 r - a scarf of resistance (worn)
 v - a +0 hat (worn)
Jewellery
 g - a +6 ring of dexterity (left claw)
 j - an amulet of regeneration (around neck)
 t - a ring of magical power
Wands
 u - a wand of polymorph (13)
Scrolls
 d - a scroll of enchant weapon {unknown}
 f - 9 scrolls of identify {unknown}
 i - a scroll of summoning {unknown}
 l - a scroll of noise {unknown}
 o - 2 scrolls of magic mapping {unknown}
 q - a scroll of fear {unknown}
 s - a scroll of poison {unknown}
Potions
 c - a potion of might
 e - a potion of flight {unknown}
 h - 2 potions of magic {unknown}
 k - 2 potions of curing {unknown}
 p - 2 potions of haste {unknown}


   Skills:
 + Level 4.1 Fighting
 - Level 2.4 Dodging
 + Level 4.5 Shields
 + Level 4.4 Unarmed Combat


You had 5 spell levels left.
You didn't know any spells.
Your spell library was empty.

Dungeon Overview and Level Annotations

Branches:
Dungeon (5/15)
 Temple: D:4-7

Altars:
Sif Muna

Shops:
D:3 =

Annotations:
D:5 Ijyb


Innate Abilities, Weirdness & Mutations

You are too large for most types of armour.
You have claws for hands.
Your natural rate of healing is unusually fast.
You are covered in fur. (AC +1)
You have tough skin. (AC +1)


Message History

You claw the phantom!
The phantom is almost destroyed.
The phantom hits you but does no damage.
You block the gnoll's attack. The ice beast barely misses you.
You claw the phantom!
You destroy the phantom!
You block the ice beast's attack. The gnoll barely misses you.
The gnoll hits you from afar with a +0 halberd.
You claw the ice beast!
The ice beast is heavily wounded.
The ice beast hits you but does no damage.
The gnoll hits you with a +0 flail! The gnoll misses you.
The gnoll hits you from afar with a +0 halberd.
You closely miss the ice beast.
The ice beast is heavily wounded.
The ice beast closely misses you. You block the gnoll's attack.
The gnoll hits you with a +0 spear. The iguana barely misses you.
The gnoll closely misses you.
Unknown command.
You scratch the ice beast but do no damage.
The ice beast is heavily wounded.
The ice beast hits you. The ice beast freezes you. You resist.
The gnoll hits you with a +0 flail! The gnoll hits you with a +0 spear!
* * * LOW HITPOINT WARNING * * *
The iguana completely misses you. You block the gnoll's attack.
Unknown command.
You closely miss the ice beast.
The ice beast is heavily wounded.
The ice beast hits you but does no damage.
You block the gnoll's attack. The gnoll closely misses you.
The iguana bites you!
* * * LOW HITPOINT WARNING * * *
The gnoll closely misses you.
You claw the ice beast!
The ice beast is almost dead.
The ice beast hits you but does no damage.
The gnoll hits you with a +0 flail.
* * * LOW HITPOINT WARNING * * *
The gnoll hits you with a +0 spear.
You die...

#..).......# #.###
#..........# (...#
####..........#.....#
##...#................
##............###.....#
#..............#.$....#
#......................
#......glg......#......
#.....@g.............#
##...##Y.......$.....#
### ###.....########
#.......# #.......#
#.......# ##.....##
##...## #####


You could see an ice beast, an iguana and 3 gnolls.

Vanquished Creatures
  A phantom (D:5)
  A scorpion (D:4)
  A bullfrog (D:4)
  An orc priest (D:4)
  An iguana (D:4)
  An orc wizard (D:4)
  3 gnolls (D:3)
  3 adders (D:3)
  An ufetubus (D:3)
  A worm (D:3)
  4 dart slugs
  11 orcs
  10 endoplasms
  3 giant cockroaches
  3 goblins
  4 hobgoblins
  4 jackals (D:4)
  A quokka (D:2)
  7 ball pythons
  9 bats
  A frilled lizard (D:2)
  4 kobolds
  5 rats
80 creatures vanquished.

Notes
Turn   | Place    | Note
-------+----------+-------------------------------------------
     0 | D:1      | MacCMillion the Troll Fighter began the quest for the Orb.
     0 | D:1      | Reached XP level 1. HP: 22/22 MP: 0/0
   196 | D:1      | Reached XP level 2. HP: 29/29 MP: 1/1
   544 | D:2      | Found a faded altar of an unknown god.
   881 | D:2      | Reached XP level 3. HP: 36/36 MP: 2/2
  1336 | D:3      | Identified the +5 falchion of the Swamp {freeze, rElec
                  | Will+}
  1411 | D:3      | Found Gureuf's Jewellery Shoppe.
  1490 | D:3      | Reached XP level 4. HP: 45/45 MP: 3/3
  1976 | D:4      | Reached XP level 5. HP: 42/53 MP: 4/4
  2016 | D:4      | Found a shimmering blue altar of Sif Muna.
  2401 | D:4      | Reached XP level 6. HP: 62/62 MP: 5/5
  2621 | D:5      | Entered Level 5 of the Dungeon
  2621 | D:5      | Noticed Ijyb
  2621 | D:5      | Noticed an ice beast
  2644 | D:5      | Slain by a gnoll

Illustrated notes

Levels and vault maps discovered:
D:1:      psy_arrival_conway, layout_rooms
D:2:      layout_basic, basic_ecumenical_altar
D:3:      kennysheep_big_flooded_room, layout_basic, serial_shops,
          nicolae_shop_behind_doors
D:4:      layout_loops_cross, mainiacjoe_overflow_six_doors_small
D:5:      layout_rooms, uniq_sigmund, uniq_ijyb, uniq_eustachio

Skill      XL: |  1  2  3  4  5  6 |
---------------+-------------------+-----
Shields        | 3 4 |  4.5
Fighting       | 3 4 |  4.1
Unarmed Combat | 3 4 |  4.4
Dodging        | |  2.4

Action                   |  1- 3 |  4- 6 || total
-------------------------+-------+-------++-------
Melee: Unarmed           |   115 |   106 ||   221
 Stab: Sleeping          |     2 |     5 ||     7
Armor: Robe              |    47 |    19 ||    66
Dodge: Dodged            |    40 |    29 ||    69
Block: Kite shield       |    64 |    45 ||   109
